 Dungeon Crawl Stone Soup version 0.20.0-15-g7f486f2 (webtiles) character file.

3952 NoAnimeNoLife the Basher (level 10, -9/56 HPs)
             Began as a Gargoyle Fighter on June 13, 2017.
             Was an Elder of Okawaru.
             Killed from afar by Maurice (20 damage)
             ... with a wand of acid (?/15)
             ... on level 8 of the Dungeon.
             The game lasted 00:11:34 (7663 turns).

NoAnimeNoLife the Basher (Gargoyle Fighter)         Turns: 7663, Time: 00:11:34

Health: -9/56      AC: 15    Str: 27 (28) XL:     10   Next: 21%
Magic:  10/10      EV:  6    Int:  8 (9)  God:    Okawaru [****..]
Gold:   467        SH: 11    Dex: 11 (12) Spells: 9/9 levels left

rFire    . . .     SeeInvis .   G - +5 flail (crush)
rCold    . . .     Gourm    .   c - +1 shield
rNeg     + . .     Faith    .   I - +7 chain mail of the Wumpus {Str+3}
rPois    ∞         Spirit   .   (no helmet)
rElec    +         Reflect  .   (no cloak)
rCorr    .         Harm     .   (no gloves)
MR       +....                  (no boots)
Stlth    ..........             z - amulet of rage
Regen    0.2/turn               F - ring of poison resistance
MPRegen  0.2/turn               m - ring of protection from magic

@: mighty, corroded
A: negative energy resistance 1, electricity resistance, unbreathing,
petrification resistance, rot immunity, AC +7
a: Heroism, Renounce Religion, Evoke Berserk Rage


You were on level 8 of the Dungeon.
You worshipped Okawaru.
Okawaru was greatly pleased with you.
You were not hungry.

You visited 2 branches of the dungeon, and saw 9 of its levels.

You collected 467 gold pieces.

Inventory:

Hand Weapons
 a - a +0 flail
 y - a +1 flail of holy wrath
 G - a +5 flail of crushing (weapon)
Armour
 b - a +0 scale mail
 c - a +1 shield (worn)
 I - the +7 chain mail of the Wumpus (worn) {Str+3}
   (You found it on level 7 of the Dungeon)

   It affects your strength (+3).
Jewellery
 m - a ring of protection from magic (right hand)
 r - an uncursed ring of stealth
 z - an amulet of rage (around neck)
 B - an uncursed ring of protection from fire
 F - a ring of poison resistance (left hand)
 K - an uncursed ring of loudness
Wands
 A - a wand of digging (12/24)
Scrolls
 e - 6 scrolls of identify
 h - a scroll of teleportation
 i - a scroll of fog
 k - a scroll of amnesia
 l - 3 scrolls of magic mapping
 H - a scroll of enchant armour
Potions
 o - a potion of curing
 t - a potion of flight
 E - a potion of agility {unknown}
Books
 x - a book of Callings

   Spells                             Type                      Level
   a - Summon Small Mammal            Summoning                    1
   b - Call Imp                       Summoning                    2
   c - Call Canine Familiar           Summoning                    3
   d - Summon Guardian Golem          Hexes/Summoning              3
   e - Summon Lightning Spire         Summoning/Air                4
   f - Summon Ice Beast               Ice/Summoning                4
Comestibles
 f - 6 bread rations
 j - 6 royal jellies
 q - 5 fruits
 w - 2 meat rations


   Skills:
 - Level 3.2 Fighting
 + Level 13.9 Maces & Flails
 - Level 3.3 Armour
 - Level 3.4 Shields


You had 9 spell levels left.
You didn't know any spells.

Dungeon Overview and Level Annotations

Branches:
Dungeon (8/15)             Temple (1/1) D:4
   Lair: D:8-11

Altars:
Ashenzari
Cheibriados
Dithmenos
Elyvilon
Fedhas
Nemelex Xobeh
Okawaru
Qazlal
Ru
Sif Muna
Uskayaw
Xom
Yredelemnul
Zin
The Shining One

Shops:
D:5 !   D:7 (   D:8 (

Annotations:
D:8 Maurice, Prince Ribbit


Innate Abilities, Weirdness & Mutations

You are resistant to torment.
Your stone body is resilient. (AC +7)
You are immune to poison.
You resist negative energy. (rN+)
You are resistant to electric shocks. (rElec)
You can survive without breathing.
You are immune to petrification.
You are immune to rotting.


Message History

Maurice zaps a wand.
The bolt of acid hits you! The acid corrodes you!
You are splashed with acid!
The acid burns!
* * * LOW HITPOINT WARNING * * *
You barely miss the centaur.
The centaur is severely wounded.
The centaur hits you.
* * * LOW HITPOINT WARNING * * *
You sock the centaur!
You kill the centaur!
Okawaru accepts your kill. You block Maurice's attack.
You thump Maurice!
Maurice is moderately wounded.
Maurice gestures wildly while chanting.
Maurice puts on a burst of speed!
It was a potion of degeneration.
There was something very wrong with that liquid.
You feel weakened.
You feel dopey.
You feel clumsy.
Maurice zaps a wand.
The bolt of acid hits you!
You die...

...............
................
.................
..................
#.................
#.................
#.....@h.........
#.....@).........
##.....(.$.......
#......(........
##..............
##............#
#............# ..
##########..## ..
##>## .# .. 8...8
.. ...


You could see Maurice and a jackal.

Vanquished Creatures
  A two-headed ogre (D:8)
  A sixfirhy (D:8)
  The ghost of NoAnimeNoLife the Cudgeler, a novice GrFi of Ashenzari (D:4)
  Grum (D:8)
  Eustachio (D:4)
  Edmund (D:5)
  A water moccasin (D:8)
  A sky beast (D:6)
  An orc warrior (D:8)
  3 ogres (D:6)
  4 wolves (D:8)
  2 centaurs
  A bullfrog (D:8)
  2 scorpions
  A howler monkey (D:6)
  A crimson imp (D:5)
  A centaur zombie (D:5)
  A bullfrog zombie (D:5)
  3 orc priests
  2 hounds
  A centaur skeleton (D:8)
  4 jellies
  5 orc wizards
  2 iguanas
  3 worker ants
  A hound skeleton (D:4)
  9 adders
  3 gnolls
  A shadow imp (D:5)
  2 oozes
  An adder skeleton (D:5)
  2 worms
  6 leopard geckos
  26 orcs
  6 giant cockroaches
  8 goblins
  4 hobgoblins
  10 jackals
  A quokka (D:8)
  2 ball pythons
  5 bats
  7 frilled lizards
  8 kobolds
  A leopard gecko skeleton (D:4)
  A quokka skeleton (D:5)
  12 rats
161 creatures vanquished.

Notes
Turn   | Place    | Note
-------+----------+-------------------------------------------
     0 | D:1      | NoAnimeNoLife the Gargoyle Fighter began the quest for the Orb.
     0 | D:1      | Reached XP level 1. HP: 14/14 MP: 1/1
    81 | D:1      | Reached XP level 2. HP: 19/19 MP: 2/2
   625 | D:1      | Reached skill level 3 in Maces & Flails
   745 | D:1      | Reached XP level 3. HP: 23/23 MP: 3/3
  1372 | D:2      | Reached skill level 4 in Maces & Flails
  1372 | D:2      | Reached XP level 4. HP: 25/28 MP: 4/4
  2130 | D:3      | Reached XP level 5. HP: 22/32 MP: 5/5
  2151 | D:3      | Reached skill level 5 in Maces & Flails
  2283 | D:3      | Found a blossoming altar of Fedhas.
  2547 | D:3      | Found an iron altar of Okawaru.
  2910 | D:3      | Reached skill level 6 in Maces & Flails
  2910 | D:3      | Reached XP level 6. HP: 37/37 MP: 6/6
  3026 | D:4      | Noticed NoAnimeNoLife's ghost (novice GrFi)
  3041 | D:4      | Killed NoAnimeNoLife's ghost
  3041 | D:4      | Reached skill level 7 in Maces & Flails
  3041 | D:4      | Reached XP level 7. HP: 14/41 MP: 7/7
  3581 | D:4      | Found a staircase to the Ecumenical Temple.
  3684 | Temple   | Entered the Ecumenical Temple
  3843 | D:3      | Became a worshipper of Warmaster Okawaru
  3912 | D:4      | Noticed Eustachio
  3950 | D:4      | Killed Eustachio
  3950 | D:4      | Reached skill level 8 in Maces & Flails
  4086 | D:4      | Found a glowing silver altar of Zin.
  4261 | D:5      | Entered Level 5 of the Dungeon
  4683 | D:5      | Found Biugiezaut's Distillery.
  4811 | D:5      | Noticed Edmund
  4814 | D:5      | Found a glowing golden altar of the Shining One.
  4849 | D:5      | Killed Edmund
  4849 | D:5      | Reached * piety under Okawaru
  4849 | D:5      | Reached skill level 9 in Maces & Flails
  4849 | D:5      | Reached XP level 8. HP: 11/46 MP: 8/8
  5569 | D:6      | Reached skill level 10 in Maces & Flails
  5747 | D:6      | Reached ** piety under Okawaru
  5823 | D:6      | Reached skill level 11 in Maces & Flails
  6411 | D:7      | Got a pitted chain mail
  6422 | D:7      | Identified the +7 chain mail of the Wumpus {Str+3} (You found it on level 7 of the Dungeon)
  6501 | D:7      | Reached XP level 9. HP: 50/51 MP: 9/9
  6569 | D:7      | Found a sacrificial altar of Ru.
  6701 | D:7      | Found a shimmering altar of Xom.
  6701 | D:7      | Found a shimmering altar of Xom.
  6702 | D:7      | Found a shimmering altar of Xom.
  6703 | D:7      | Found a shimmering altar of Xom.
  6703 | D:7      | Found a shimmering altar of Xom.
  6703 | D:7      | Found a shimmering altar of Xom.
  6703 | D:7      | Found a shimmering altar of Xom.
  6709 | D:7      | Found a shimmering altar of Xom.
  6709 | D:7      | Found a shimmering altar of Xom.
  6893 | D:7      | Found Pecreech's Antique Weapon Emporium.
  6997 | D:8      | Noticed Prince Ribbit
  7028 | D:8      | Found a runed door.
  7028 | D:8      | Noticed Grum
  7047 | D:8      | HP: 1/51 [wolf[Grum] (4)]
  7067 | D:8      | Killed Grum
  7067 | D:8      | Reached skill level 12 in Maces & Flails
  7279 | D:8      | Noticed a sixfirhy
  7289 | D:8      | Killed a sixfirhy
  7289 | D:8      | Reached *** piety under Okawaru
  7289 | D:8      | Reached skill level 13 in Maces & Flails
  7302 | D:8      | Found Riuruima's Weapon Shoppe.
  7330 | D:8      | Noticed a two-headed ogre
  7344 | D:8      | Killed a two-headed ogre
  7344 | D:8      | Reached **** piety under Okawaru
  7344 | D:8      | Reached XP level 10. HP: 41/56 MP: 7/10
  7647 | D:8      | Noticed Maurice
  7663 | D:8      | Killed from afar by Maurice

Skill      XL: |  1  2  3  4  5  6  7  8  9 |
---------------+----------------------------+-----
Maces & Flails | 3 4 6 7 9 11 13 | 13.9
Fighting       | |  3.2
Armour         | |  3.3
Shields        | |  3.4

Action                   |  1- 3 |  4- 6 |  7- 9 | 10-12 || total
-------------------------+-------+-------+-------+-------++-------
Melee: Flail             |   142 |   192 |   300 |    34 ||   668
Invok: Heroism           |       |       |     3 |       ||     3
 Abil: Evoke Berserk Rag |       |       |     2 |       ||     2
  Use: Scroll            |       |       |    11 |       ||    11
       Potion            |       |       |     5 |     4 ||     9
  Eat: Chunk             |     2 |     4 |    10 |     2 ||    18
       Bread ration      |       |       |     1 |       ||     1
       Royal jelly       |       |       |     1 |       ||     1
Armor: Scale mail        |    91 |   119 |    85 |       ||   295
       Chain mail        |       |       |    63 |    17 ||    80
Dodge: Dodged            |    42 |    86 |    72 |     8 ||   208
Block: Shield            |    89 |   124 |   175 |    14 ||   402
